Map: Blackpink LE

Players

LiquidTLO (TLO) - Winner!

  • Race: Zerg Zerg
  • Spawn Location: 7:00

Elazer

  • Race: Zerg Zerg
  • Spawn Location: 1:00

Event: WCS Leipzig 2018

VOD

Have the link to the VOD?

Description

Time

  • Played on: Jan. 26, 2018, 12:20 p.m.
  • Length: 8:26

All games in this series

Show
View Real Time Build Order
Export as new Build Order

LiquidTLO Zerg - Winner!

Build Orders: Hatch First 

Get SALT Encoding   

  12  0:00  Drone  
  13  0:12  Overlord  
  13  0:16  Drone  
  14  0:31  Drone  
  14  0:32  Drone  
  16  0:37  Drone  
  17  0:51  Hatchery  
  17  0:54  Drone  
  17  0:58  Drone  
  18  1:04  Extractor  
  17  1:13  Spawning Pool  
  17  1:15  Drone  
  17  1:19  Drone  
  18  1:31  Drone  
  19  1:38  Overlord  
  19  1:50  Drone  
  20  2:00  Queen  
  20  2:01  Drone  
  23  2:02  Queen  
  23  2:03  Drone  
  23  2:07  Metabolic Boost  
  26  2:12  Drone  
  26  2:15  Drone  
  28  2:21  Drone  
  29  2:25  Zergling x2  
  30  2:33  Zergling x2  
  30  2:36  Zergling x2  
  32  2:38  Baneling Nest  
  31  2:45  Drone  
  31  2:50  Drone  
  33  2:53  Hatchery  
  33  2:56  Overlord  
  32  2:59  Drone  
  33  3:06  Drone  
  33  3:08  Drone  
  33  3:09  Drone  
  33  3:11  Overlord  
  36  3:16  Drone x2  
  36  3:17  Drone  
  36  3:19  Zergling x2  
  40  3:21  Zergling x2  
  41  3:27  Baneling x2  
  41  3:28  Zergling x4  
  43  3:34  Evolution Chamber  
  43  3:39  Baneling x2, Zergling x2  
  42  3:41  Zergling x4  
  42  3:47  Extractor  
  43  3:49  Roach Warren  
  43  3:51  Drone x2  
  43  3:53  Drone  
  43  3:54  Baneling  
  44  3:56  Drone  
  44  3:57  Drone  
  44  4:00  Drone  
  46  4:03  Drone  
  46  4:07  Drone, Extractor  
  46  4:09  Drone, Zerg Missile Weapons Level 1  
  48  4:13  Drone  
  48  4:16  Drone  
  50  4:17  Drone  
  50  4:19  Drone  
  50  4:24  Queen  
  52  4:29  Drone  
  52  4:30  Overlord  
  55  4:37  Overlord  
  55  4:41  Overlord  
  54  4:46  Overlord x2  
  51  4:53  Lair  
  51  4:56  Drone  
  51  4:58  Roach  
  51  4:59  Roach x2  
  58  5:02  Baneling  
  58  5:03  Roach  
  58  5:05  Roach  
  62  5:09  Roach  
  62  5:11  Roach  
  66  5:14  Roach  
  66  5:16  Roach  
  66  5:18  Roach  
  68  5:21  Roach  
  68  5:24  Zergling x2  
  68  5:26  Zergling x2  
  73  5:28  Zergling x2  
  73  5:30  Zergling x2  
  73  5:31  Zergling x2  
  73  5:33  Ravager x2  
  76  5:36  Zergling x2  
  76  5:38  Roach  
  76  5:40  Zergling x2  
  76  5:41  Drone  
  81  5:45  Roach  
  81  5:46  Zergling x2  
  81  5:47  Roach  
  86  5:50  Glial Reconstitution  
  86  5:53  Overlord  
  86  5:57  Roach  
  87  6:01  Roach  
  87  6:03  Roach  
  87  6:04  Drone  
  87  6:05  Roach  
  87  6:06  Roach  
  87  6:08  Drone  
  88  6:11  Roach  
  88  6:14  Drone, Roach  
  88  6:17  Roach  
  93  6:19  Roach  
  93  6:21  Drone  
  93  6:24  Drone x2  
  98  6:28  Overlord  
  98  6:33  Drone  
  98  6:34  Drone x2  
  98  6:39  Drone x2  
  102  6:40  Drone x2  
  103  6:48  Roach  
  103  6:49  Roach  
  103  6:50  Roach  
  103  6:53  Roach  
  102  6:55  Roach  
  102  6:57  Roach  
  102  7:00  Roach  
  100  7:02  Roach  
  100  7:04  Overlord  
  100  7:06  Extractor  
  99  7:09  Roach  
  99  7:10  Extractor, Roach  
  99  7:12  Roach  
  104  7:16  Roach  
  104  7:17  Overlord  
  104  7:19  Roach  
  110  7:22  Roach  
  110  7:24  Roach  
  112  7:31  Roach  
  112  7:34  Roach  
  112  7:36  Roach  
  116  7:37  Roach  
  116  7:39  Roach  
  116  7:43  Roach x2  
  110  7:45  Roach  
  110  7:49  Roach, Zergling x2  
  110  7:50  Zergling x6, Queen  
  112  7:52  Roach  
  112  7:57  Roach  
  104  7:59  Roach  
  104  8:01  Roach  
  104  8:02  Drone  
  91  8:06  Drone  
  90  8:13  Extractor  
Show
View Real Time Build Order
Export as new Build Order

Elazer Zerg 

Build Orders: Hatch First 

Get SALT Encoding   

  12  0:00  Drone  
  13  0:12  Overlord  
  13  0:17  Drone  
  14  0:30  Drone  
  14  0:31  Drone  
  14  0:35  Drone  
  17  0:51  Hatchery  
  17  0:54  Drone  
  17  0:57  Drone  
  17  0:59  Extractor  
  17  1:12  Spawning Pool  
  17  1:16  Drone  
  17  1:19  Drone  
  18  1:28  Drone  
  19  1:39  Overlord  
  19  1:59  Queen  
  19  2:00  Zergling x4, Metabolic Boost  
  23  2:03  Queen  
  23  2:05  Zergling x2  
  26  2:11  Drone  
  26  2:14  Drone  
  28  2:22  Drone  
  29  2:25  Drone  
  30  2:36  Hatchery  
  29  2:38  Drone  
  30  2:44  Drone  
  30  2:45  Overlord  
  30  2:49  Drone  
  32  2:54  Drone  
  33  2:59  Baneling Nest  
  33  3:01  Drone  
  33  3:06  Drone  
  33  3:10  Zergling x8  
  38  3:14  Zergling x2  
  38  3:15  Zergling x2  
  41  3:20  Zergling x4  
  41  3:25  Overlord  
  42  3:29  Queen  
  44  3:45  Drone  
  44  3:46  Drone x2  
  44  3:47  Drone x2  
  49  3:51  Drone x2  
  50  3:55  Drone x2  
  50  3:58  Drone x2  
  50  4:02  Drone x2  
  55  4:08  Roach Warren  
  55  4:09  Baneling x2  
  54  4:10  Drone x2  
  54  4:12  Extractor  
  54  4:14  Drone, Extractor  
  55  4:19  Overlord  
  55  4:25  Overlord  
  54  4:37  Zergling x2  
  54  4:38  Zergling x6  
  58  4:49  Overlord  
  56  4:53  Roach x4  
  56  4:54  Roach x4  
  72  5:05  Overlord  
  72  5:09  Roach x4  
  79  5:18  Roach  
  79  5:20  Zergling x8  
  81  5:25  Roach x3  
  81  5:26  Roach  
  89  5:35  Roach  
  89  5:39  Roach  
  89  5:41  Overlord x2  
  89  5:42  Ravager  
  89  5:46  Overlord  
  89  5:47  Extractor  
  89  5:48  Extractor  
  89  5:49  Zergling x4  
  89  5:54  Overlord  
  83  6:04  Zergling x6  
  83  6:09  Zergling x2  
  83  6:10  Zergling x12  
  78  6:16  Roach  
  78  6:17  Roach x4  
  80  6:23  Roach x3  
  86  6:27  Roach  
  86  6:28  Roach  
  90  6:34  Roach x2  
  90  6:37  Roach x2  
  96  6:41  Roach  
  96  6:44  Roach  
  100  6:53  Roach x4  
  100  6:59  Roach  
  100  7:00  Roach x2  
  105  7:02  Zergling x2  
  105  7:03  Zergling x2  
  105  7:05  Ravager x2  
  105  7:06  Ravager  
  109  7:09  Zergling x4  
  109  7:12  Zergling x4  
  109  7:13  Ravager  
  109  7:15  Zergling x2  
  115  7:17  Zergling x2  
  115  7:19  Ravager  
  115  7:20  Zergling x2  
  118  7:25  Zergling x6  
  118  7:35  Zergling x8  
  107  7:45  Zergling x10  
  107  7:46  Zergling x2  
  107  7:50  Roach x4  
  107  7:56  Roach  
  107  7:57  Roach  
  96  8:02  Roach  
Tags
 
Add a new tag
Caveats
  • Supply blocks, unpowered buildings, or Contaminate may cause inaccurate times.
  • Supply counts are checked every 10 seconds.